[Event "FICS rated blitz game"]
[Site "FICS freechess.org"]
[FICSGamesDBGameNo "20003295"]
[White "Chessnull"]
[Black "Chancy"]
[WhiteElo "1676"]
[BlackElo "1750"]
[WhiteRD "na"]
[BlackRD "na"]
[TimeControl "180+0"]
[Date "1999.10.30"]
[Time "10:24:00"]
[WhiteClock "0:03:00.000"]
[BlackClock "0:03:00.000"]
[ECO "A34"]
[PlyCount "82"]
[Result "0-1"]

1. c4 Nf6 2. Nc3 c5 3. g3 d5 4. Bg2 dxc4 5. Qa4+ Bd7 6. Qxc4 e6 7. Bxb7 Bc6 8. Bxa8 Bxa8 9. Nf3 Bd6 10. Nb5 Be7 11. O-O O-O 12. d3 Nc6 13. Be3 Nb4 14. a3 Nbd5 15. Bxc5 Qd7 16. Bxe7 Nxe7 17. Rac1 Rc8 18. Qb3 Rb8 19. Rc7 Qxc7 20. Nxc7 Rxb3 21. Nxa8 Ned5 22. Rc1 Rb8 23. e4 Ne7 24. Nc7 Rxb2 25. Ne5 Ng4 26. Nxg4 h5 27. Ne5 Ra2 28. Nb5 a6 29. Nd6 Rxa3 30. Ndxf7 a5 31. Ng5 a4 32. Nc4 Rb3 33. Ra1 Rxd3 34. Rxa4 Rd8 35. Nxe6 Rc8 36. Ne5 Kh7 37. Rd4 Rc1+ 38. Kg2 Rc8 39. Rd7 Re8 40. Ng6 Kxg6 41. Nf4+ Kf7 {White forfeits on time} 0-1

[Event "FICS rated blitz game"]
[Site "FICS freechess.org"]
[FICSGamesDBGameNo "20003294"]
[White "jgknight"]
[Black "Paik"]
[WhiteElo "1267"]
[BlackElo "1251"]
[WhiteRD "na"]
[BlackRD "na"]
[TimeControl "120+12"]
[Date "1999.10.30"]
[Time "10:18:00"]
[WhiteClock "0:02:00.000"]
[BlackClock "0:02:00.000"]
[ECO "B50"]
[PlyCount "142"]
[Result "0-1"]

1. e4 c5 2. Nf3 d6 3. Bc4 e6 4. d4 cxd4 5. Nxd4 Nc6 6. Nxc6 bxc6 7. O-O Nf6 8. Bd3 Be7 9. Nc3 O-O 10. Bg5 Bb7 11. f4 Qb6+ 12. Kh1 Qxb2 13. Ne2 Rab8 14. f5 Qe5 15. Bxf6 Bxf6 16. fxe6 Qxe6 17. Nf4 Qe5 18. g3 Qxa1 19. Qxa1 Bxa1 20. Rxa1 Rfe8 21. Ng2 d5 22. exd5 cxd5 23. Bb5 Re7 24. Nf4 d4+ 25. Kg1 g6 26. Nd3 Be4 27. Bc4 Rbe8 28. Bb5 Rb8 29. a4 Bxd3 30. Bxd3 Re3 31. Kf2 Rbe8 32. a5 R8e6 33. Bc4 Rf6+ 34. Kg2 Ref3 35. Ra2 Rf2+ 36. Kh3 h5 37. a6 g5 38. Ra5 g4+ 39. Kh4 Rxh2+ 40. Kg5 Rg6+ 41. Kf4 Rf2+ 42. Ke4 Rxc2 43. Bd3 Rg2 44. Kxd4 Rd6+ 45. Ke3 Rxg3+ 46. Kf4 Rgxd3 47. Rg5+ Kf8 48. Rxh5 R3d4+ 49. Kg3 Rg6 50. Rh8+ Ke7 51. Ra8 Rd7 52. Rb8 f5 53. Rb7 Rxa6 54. Rxd7+ Kxd7 55. Kf4 Ke6 56. Kg3 Kf6 57. Kf4 Ra4+ 58. Kg3 Kg5 59. Kf2 f4 60. Kg2 g3 61. Kf3 Ra3+ 62. Kg2 Kg4 63. Kf1 Kf3 64. Ke1 Ke3 65. Kd1 Kd3 66. Ke1 g2 67. Kf2 Ra2+ 68. Kg1 Ke3 69. Kh2 g1=Q+ 70. Kxg1 Kf3 71. Kh1 Kg3 {White resigns} 0-1

[Event "FICS rated standard game"]
[Site "FICS freechess.org"]
[FICSGamesDBGameNo "20003293"]
[White "ispaskiko"]
[Black "taek"]
[WhiteElo "1922"]
[BlackElo "1625"]
[WhiteRD "na"]
[BlackRD "na"]
[TimeControl "600+10"]
[Date "1999.10.30"]
[Time "09:56:00"]
[WhiteClock "0:10:00.000"]
[BlackClock "0:10:00.000"]
[ECO "C45"]
[PlyCount "24"]
[Result "1-0"]

1. e4 e5 2. Nf3 Nc6 3. d4 exd4 4. Nxd4 Bb4+ 5. c3 Nxd4 6. Qxd4 Be7 7. Bc4 c5 8. Qd5 d6 9. Qxf7+ Kd7 10. Na3 a6 11. O-O Nf6 12. e5 dxe5 {Black resigns} 1-0

[Event "FICS rated blitz game"]
[Site "FICS freechess.org"]
[FICSGamesDBGameNo "20003292"]
[White "HAAG"]
[Black "Benfica"]
[WhiteElo "1748"]
[BlackElo "1717"]
[WhiteRD "na"]
[BlackRD "na"]
[TimeControl "180+0"]
[Date "1999.10.30"]
[Time "09:53:00"]
[WhiteClock "0:03:00.000"]
[BlackClock "0:03:00.000"]
[ECO "D43"]
[PlyCount "69"]
[Result "1-0"]

1. d4 Nf6 2. Bg5 e6 3. e3 Be7 4. c4 O-O 5. Nc3 d5 6. Nf3 c6 7. cxd5 Nxd5 8. Bxe7 Qxe7 9. e4 Nxc3 10. bxc3 Nd7 11. Bd3 e5 12. O-O Rd8 13. Qc2 b6 14. Rad1 Bb7 15. Rfe1 Rac8 16. c4 Qf6 17. d5 cxd5 18. exd5 Bxd5 19. Bxh7+ Kh8 20. Rxd5 g6 21. Bxg6 Qxg6 22. Qxg6 fxg6 23. Nxe5 Nxe5 24. Rexe5 Rxd5 25. Rxd5 Rxc4 26. g3 Rc2 27. Rd8+ Kg7 28. Rd7+ Kh6 29. Rxa7 Kg5 30. Kg2 Rb2 31. Ra4 b5 32. Ra5 Kg4 33. a4 Ra2 34. Rxb5 Rxa4 35. h3# {Black checkmated} 1-0

[Event "FICS rated blitz game"]
[Site "FICS freechess.org"]
[FICSGamesDBGameNo "20003291"]
[White "kegenzab"]
[Black "catspawoff"]
[WhiteElo "1632"]
[BlackElo "1430"]
[WhiteRD "na"]
[BlackRD "na"]
[TimeControl "180+5"]
[Date "1999.10.30"]
[Time "09:45:00"]
[WhiteClock "0:03:00.000"]
[BlackClock "0:03:00.000"]
[ECO "D00"]
[PlyCount "78"]
[Result "0-1"]

1. Nc3 d5 2. d4 Bf5 3. Nf3 Nc6 4. g3 Nb4 5. e4 dxe4 6. Nh4 Qd7 7. Bg2 e3 8. Nxf5 Qxf5 9. Bxe3 Nxc2+ 10. Kf1 Nxa1 11. Qxa1 Qd3+ 12. Kg1 O-O-O 13. Qc1 Nf6 14. a4 e6 15. Nb5 Bd6 16. Nxd6+ Rxd6 17. Bf4 Rd7 18. Qc5 Qxd4 19. Qb5 Qb6 20. Qg5 Rd1+ 21. Bf1 Qc6 22. h4 Rxf1+ 23. Kxf1 Qxh1+ 24. Ke2 Qe4+ 25. Be3 Rd8 26. Qxg7 Ng4 27. Qc3 Nxe3 28. Qxe3 Qxe3+ 29. fxe3 Rd5 30. b3 f5 31. h5 f4 32. gxf4 Rxh5 33. Kf3 Rh1 34. Ke4 Rb1 35. Ke5 Rxb3 36. Kxe6 Rxe3+ 37. Kf5 Rf3 38. Kg5 h5 39. Kxh5 Rxf4 {White resigns} 0-1

[Event "FICS rated blitz game"]
[Site "FICS freechess.org"]
[FICSGamesDBGameNo "20003290"]
[White "steff"]
[Black "pitone"]
[WhiteElo "1690"]
[BlackElo "1853"]
[WhiteRD "na"]
[BlackRD "na"]
[TimeControl "180+0"]
[Date "1999.10.30"]
[Time "08:40:00"]
[WhiteClock "0:03:00.000"]
[BlackClock "0:03:00.000"]
[ECO "A16"]
[PlyCount "108"]
[Result "0-1"]

1. c4 Nf6 2. Nc3 d5 3. cxd5 Nxd5 4. g3 g6 5. Bg2 Nxc3 6. bxc3 Bg7 7. d4 O-O 8. e3 c5 9. Ne2 Nc6 10. O-O Bd7 11. Bb2 Rc8 12. Rb1 Na5 13. Ba1 b6 14. e4 cxd4 15. cxd4 Nc4 16. Qd3 b5 17. f4 e6 18. d5 exd5 19. exd5 Bf5 20. Qb3 Bxb1 21. Bxg7 Kxg7 22. Qxb1 Qb6+ 23. Kh1 Ne3 24. Re1 Nxg2 25. Kxg2 Qb7 26. Qb2+ Kg8 27. Qd4 Rfd8 28. Nc3 b4 29. Ne4 Qxd5 30. Qxd5 Rxd5 31. Nf6+ Kg7 32. Nxd5 Rc2+ 33. Kh3 a5 34. Ra1 Rd2 35. Ne7 Kf6 36. Nc6 Rd5 37. Ne5 Rd2 38. a3 b3 39. Rb1 a4 40. Nf3 Ra2 41. Nd4 Rxa3 42. Kg4 Ra2 43. Kf3 Rxh2 44. Nb5 Ra2 45. Nc3 Rc2 46. Nxa4 Ra2 47. Nc3 Ra3 48. Nb5 Ra5 49. Rxb3 h5 50. Nd4 Kg7 51. Rb7 Ra6 52. Ke4 Ra4 53. Ke5 Ra5+ 54. Kd6 Ra3 {White resigns} 0-1

[Event "FICS rated lightning game"]
[Site "FICS freechess.org"]
[FICSGamesDBGameNo "20003289"]
[White "mikalet"]
[Black "titaantje"]
[WhiteElo "1663"]
[BlackElo "1679"]
[WhiteRD "na"]
[BlackRD "na"]
[TimeControl "60+0"]
[Date "1999.10.30"]
[Time "08:35:00"]
[WhiteClock "0:01:00.000"]
[BlackClock "0:01:00.000"]
[ECO "A90"]
[PlyCount "50"]
[Result "0-1"]

1. d4 e6 2. c4 d5 3. Nc3 c6 4. Nf3 f5 5. g3 Nf6 6. Bg2 Bd6 7. O-O O-O 8. c5 Bc7 9. b4 b6 10. b5 bxc5 11. bxc6 Nxc6 12. dxc5 Rb8 13. Ba3 Ba6 14. Nd2 Ne4 15. Ncxe4 fxe4 16. Nb3 Be5 17. Rc1 Qf6 18. e3 Bxf1 19. Qxf1 a5 20. Qe2 a4 21. Nd2 Bb2 22. Bxb2 Rxb2 23. Qd1 Rfb8 24. Nc4 dxc4 25. Qd6 Qxf2+ {White resigns} 0-1

[Event "FICS rated lightning game"]
[Site "FICS freechess.org"]
[FICSGamesDBGameNo "20003288"]
[White "tuttu"]
[Black "Greven"]
[WhiteElo "1810"]
[BlackElo "1635"]
[WhiteRD "na"]
[BlackRD "na"]
[TimeControl "120+0"]
[Date "1999.10.30"]
[Time "07:49:00"]
[WhiteClock "0:02:00.000"]
[BlackClock "0:02:00.000"]
[ECO "B19"]
[PlyCount "67"]
[Result "1-0"]

1. e4 c6 2. d4 d5 3. Nd2 dxe4 4. Nxe4 Bf5 5. Ng3 Bg6 6. Nf3 Nd7 7. h4 h6 8. h5 Bh7 9. Bd3 Bxd3 10. Qxd3 Ngf6 11. Bd2 e6 12. Ne4 Nxe4 13. Qxe4 Nf6 14. Qe2 Bd6 15. c4 Qb6 16. Bc3 Bb4 17. Qd3 Bxc3+ 18. bxc3 Qc7 19. Rh4 O-O-O 20. c5 Nd5 21. Ne5 Rhf8 22. Nc4 Nf4 23. Qf3 Nd5 24. Nd6+ Kb8 25. Rb1 Rxd6 26. cxd6 Qxd6 27. c4 Nf6 28. Qb3 b6 29. c5 b5 30. cxd6 Rd8 31. a4 a6 32. axb5 axb5 33. Qa3 Rxd6 34. Qxd6+ {Black resigns} 1-0

[Event "FICS rated blitz game"]
[Site "FICS freechess.org"]
[FICSGamesDBGameNo "20003286"]
[White "umlaut"]
[Black "gndo"]
[WhiteElo "1411"]
[BlackElo "1362"]
[WhiteRD "na"]
[BlackRD "na"]
[TimeControl "180+15"]
[Date "1999.10.30"]
[Time "07:32:00"]
[WhiteClock "0:03:00.000"]
[BlackClock "0:03:00.000"]
[ECO "C23"]
[PlyCount "86"]
[Result "0-1"]

1. e4 e5 2. Bc4 Nc6 3. d3 Bc5 4. f4 Bxg1 5. Rxg1 exf4 6. Bxf4 Qh4+ 7. g3 Qxh2 8. Rf1 d6 9. Qf3 Nd4 10. Bxf7+ Ke7 11. Bg5+ Kd7 12. Be8+ Ke6 13. Qg4+ Ke5 14. Bf4+ Kf6 15. Qg5+ Ke6 16. Qd5+ Ke7 17. Qf7+ Kd8 18. Bg5+ Nf6 19. Bxf6+ gxf6 20. Qxf6+ Kxe8 21. Qxh8+ Kd7 22. Rf7+ Kc6 23. Qe8+ Kb6 24. Nc3 Nxc2+ 25. Kd1 Bg4+ 26. Kc1 Rxe8 27. Nd5+ Ka6 28. Nxc7+ Kb6 29. Nd5+ Ka5 30. b4+ Ka6 31. Nc7+ Kb6 32. Nd5+ Kb5 33. a4+ Ka6 34. Nc7+ Kb6 35. a5+ Kc6 36. b5+ Kc5 37. Ne6+ Bxe6 38. Rc7+ Kd4 39. Rxc2 Qg1+ 40. Kb2 Qxg3 41. Ra4+ Ke5 42. Kc3 Rc8+ 43. Rc4 Bxc4 {White resigns} 0-1

[Event "FICS rated blitz game"]
[Site "FICS freechess.org"]
[FICSGamesDBGameNo "20003285"]
[White "maartl"]
[Black "AlphaTauri"]
[WhiteElo "1296"]
[BlackElo "1302"]
[WhiteRD "na"]
[BlackRD "na"]
[TimeControl "120+12"]
[Date "1999.10.30"]
[Time "07:19:00"]
[WhiteClock "0:02:00.000"]
[BlackClock "0:02:00.000"]
[ECO "A45"]
[PlyCount "65"]
[Result "1-0"]

1. d4 Nf6 2. Bf4 e6 3. e3 Be7 4. Nf3 d5 5. h3 O-O 6. Nbd2 c5 7. c3 Nc6 8. Bd3 Qb6 9. Qc2 c4 10. Be2 Bd7 11. O-O Rac8 12. Ng5 h6 13. Ngf3 g5 14. Bh2 Na5 15. Ne5 Bc6 16. f4 Bd6 17. Ndf3 Ne4 18. Kh1 f5 19. Ng6 Rf6 20. Nfe5 Kg7 21. Bh5 Rg8 22. Rg1 Be8 23. g4 Kh7 24. Rg2 Bxg6 25. Bxg6+ Rgxg6 26. Nxg6 Rxg6 27. gxf5 gxf4 28. Rxg6 Kh8 29. Rag1 Ng5 30. exf4 Qd8 31. fxg5 Bxh2 32. Qxh2 hxg5 33. Qe5+ {Black resigns} 1-0

[Event "FICS rated blitz game"]
[Site "FICS freechess.org"]
[FICSGamesDBGameNo "20003284"]
[White "Marsel"]
[Black "brettski"]
[WhiteElo "1503"]
[BlackElo "1464"]
[WhiteRD "na"]
[BlackRD "na"]
[TimeControl "120+3"]
[Date "1999.10.30"]
[Time "05:02:00"]
[WhiteClock "0:02:00.000"]
[BlackClock "0:02:00.000"]
[ECO "E61"]
[PlyCount "82"]
[Result "1-0"]

1. d4 Nf6 2. c4 g6 3. Nc3 Bg7 4. Nf3 d6 5. Bg5 O-O 6. e3 Na6 7. Bd3 c5 8. O-O Rb8 9. h3 Nc7 10. e4 cxd4 11. Nxd4 Ne6 12. Nxe6 Bxe6 13. Qd2 Rc8 14. b3 Qa5 15. Rfc1 Rfe8 16. Bh6 Nd7 17. Bxg7 Kxg7 18. Rc2 Qc5 19. Nd5 Ne5 20. Qc3 Kg8 21. b4 Qc6 22. c5 Nxd3 23. Qxd3 Bxd5 24. exd5 Qd7 25. Rac1 Qa4 26. b5 a6 27. bxa6 bxa6 28. c6 Rc7 29. Qc4 Qxc4 30. Rxc4 Rb8 31. R1c3 Rb5 32. Rd4 Kg7 33. Rb3 Rxb3 34. axb3 g5 35. Ra4 Ra7 36. b4 Kf6 37. b5 e6 38. b6 Ra8 39. b7 Rd8 40. c7 Re8 41. b8=Q Rxb8 {Black resigns} 1-0

[Event "FICS rated blitz game"]
[Site "FICS freechess.org"]
[FICSGamesDBGameNo "20003283"]
[White "Elarce"]
[Black "Gianmarco"]
[WhiteElo "1696"]
[BlackElo "1683"]
[WhiteRD "na"]
[BlackRD "na"]
[TimeControl "300+0"]
[Date "1999.10.30"]
[Time "01:50:00"]
[WhiteClock "0:05:00.000"]
[BlackClock "0:05:00.000"]
[ECO "B18"]
[PlyCount "130"]
[Result "0-1"]

1. e4 c6 2. d4 d5 3. Nd2 dxe4 4. Nxe4 Bf5 5. Ng3 Bg6 6. Nf3 Nd7 7. Bd3 Bxd3 8. Qxd3 e6 9. O-O Ngf6 10. c3 Bd6 11. Bg5 h6 12. Bxf6 Nxf6 13. Rfe1 O-O 14. Re2 Qc7 15. Rae1 c5 16. dxc5 Bxc5 17. Ne4 Nxe4 18. Qxe4 Rfd8 19. Rd2 Rxd2 20. Nxd2 Rd8 21. Nb3 Bb6 22. Qe2 Qf4 23. g3 Qg5 24. Rd1 Rxd1+ 25. Qxd1 Qf6 26. Qe2 Qf5 27. Kg2 Qd5+ 28. Qf3 Qxf3+ 29. Kxf3 Kf8 30. Ke2 Ke7 31. f3 Kd6 32. Kd3 Kd5 33. h3 Bf2 34. g4 b6 35. Nd2 f5 36. b3 g6 37. a4 e5 38. b4 Be1 39. c4+ Kd6 40. Ke2 Bxd2 41. Kxd2 e4 42. Ke3 Ke5 43. gxf5 gxf5 44. fxe4 fxe4 45. h4 h5 46. a5 bxa5 47. bxa5 a6 48. c5 Kd5 49. c6 Kxc6 50. Kxe4 Kb5 51. Kf5 Kxa5 52. Kg5 Kb4 53. Kxh5 a5 54. Kg6 a4 55. h5 a3 56. h6 a2 57. Kf7 a1=Q 58. Kg8 Qa8+ 59. Kg7 Qb7+ 60. Kg8 Qc8+ 61. Kg7 Qd7+ 62. Kg8 Qe8+ 63. Kg7 Qe7+ 64. Kh8 Qf7 65. h7 Qf8# {White checkmated} 0-1

[Event "FICS rated blitz game"]
[Site "FICS freechess.org"]
[FICSGamesDBGameNo "20003282"]
[White "Zerr"]
[Black "jjoe"]
[WhiteElo "1326"]
[BlackElo "1403"]
[WhiteRD "na"]
[BlackRD "na"]
[TimeControl "300+0"]
[Date "1999.10.30"]
[Time "00:18:00"]
[WhiteClock "0:05:00.000"]
[BlackClock "0:05:00.000"]
[ECO "B44"]
[PlyCount "71"]
[Result "1-0"]

1. e4 e6 2. d4 c5 3. Nf3 cxd4 4. Nxd4 Nc6 5. Nxc6 bxc6 6. Be3 Ne7 7. c4 Ng6 8. Nc3 Be7 9. Be2 O-O 10. O-O d6 11. Qd2 e5 12. b3 f5 13. exf5 Bxf5 14. Bf3 Qc7 15. Rad1 Rad8 16. Qc1 Nh4 17. Be4 Bg6 18. Bg5 Bxg5 19. Qxg5 Bxe4 20. Nxe4 Ng6 21. Rd3 Qe7 22. Qxe7 Nxe7 23. Rxd6 Rxd6 24. Nxd6 Rd8 25. c5 Nd5 26. Re1 Nc3 27. a4 e4 28. Re3 Nd5 29. Rxe4 h6 30. Kf1 Rb8 31. Re8+ Rxe8 32. Nxe8 Kf7 33. Nd6+ Ke6 34. g3 Ke5 35. Ke2 Kd4 36. Nb7 {Black forfeits on time} 1-0

[Event "FICS rated blitz game"]
[Site "FICS freechess.org"]
[FICSGamesDBGameNo "20003281"]
[White "TheRick"]
[Black "Ritzel"]
[WhiteElo "1309"]
[BlackElo "1455"]
[WhiteRD "na"]
[BlackRD "na"]
[TimeControl "120+12"]
[Date "1999.10.30"]
[Time "00:17:00"]
[WhiteClock "0:02:00.000"]
[BlackClock "0:02:00.000"]
[ECO "A40"]
[PlyCount "133"]
[Result "1-0"]

1. d4 g6 2. Nc3 Bg7 3. Bf4 d6 4. e4 c5 5. Nf3 Bg4 6. dxc5 Bxc3+ 7. bxc3 Bxf3 8. Qxf3 dxc5 9. e5 Nc6 10. Bc4 e6 11. Be3 Nxe5 12. Qe4 Nxc4 13. Qxc4 b6 14. Rd1 Qe7 15. Qe4 Rd8 16. Qc6+ Kf8 17. O-O Kg7 18. Rde1 Nf6 19. Bf4 Rd5 20. Be5 Rhd8 21. g4 Kf8 22. h3 Ne8 23. c4 Rd2 24. Qa4 Qh4 25. Qb3 Qe7 26. Qc3 f6 27. Bf4 R2d4 28. Bh6+ Kg8 29. f3 Nd6 30. Re2 Nxc4 31. Rfe1 e5 32. h4 Qe6 33. Re4 Rxe4 34. Rxe4 Rd1+ 35. Kh2 Rd4 36. Rxd4 exd4 37. Qd3 Kf7 38. h5 Ne5 39. Qe4 Nd7 40. Qb7 a5 41. hxg6+ Kxg6 42. Bf4 Ne5 43. Qe4+ Kg7 44. Qb7+ Nd7 45. Bg3 Kg6 46. Qa6 h5 47. Qd3+ Kg5 48. gxh5 f5 49. f4+ Kxh5 50. Qf3+ Kg6 51. Bh4 Kf7 52. Qh5+ Qg6 53. Qf3 Kg7 54. Qd5 Qf7 55. Qd6 a4 56. Bg5 Qh5+ 57. Kg3 Qf7 58. Qh6+ Kg8 59. Qc6 Qg7 60. Qc8+ Kh7 61. Kf3 b5 62. Qa6 Qf7 63. Qxb5 Qd5+ 64. Kg3 Nf8 65. Qxa4 Ne6 66. Qa7+ Kg6 67. Qe7 {Black forfeits on time} 1-0

[Event "FICS rated blitz game"]
[Site "FICS freechess.org"]
[FICSGamesDBGameNo "20003280"]
[White "Galileo"]
[Black "Bage"]
[WhiteElo "1542"]
[BlackElo "1594"]
[WhiteRD "na"]
[BlackRD "na"]
[TimeControl "180+0"]
[Date "1999.10.29"]
[Time "23:46:00"]
[WhiteClock "0:03:00.000"]
[BlackClock "0:03:00.000"]
[ECO "A21"]
[PlyCount "59"]
[Result "1-0"]

1. c4 e5 2. Nc3 b6 3. Nf3 Nc6 4. e4 Bb7 5. Be2 Nf6 6. O-O Be7 7. d4 exd4 8. Nxd4 Nxd4 9. Qxd4 Bc5 10. Qd3 h6 11. Kh1 O-O 12. e5 Nh7 13. Bf4 Qh4 14. Bg3 Qg5 15. Qxd7 h5 16. h4 Qg6 17. Qxc7 Rab8 18. Qd7 Rfd8 19. Qa4 a5 20. Rad1 Rxd1 21. Rxd1 Nf8 22. Bd3 Qe6 23. Qc2 Nd7 24. Bf5 Qc6 25. f4 Nf8 26. Be4 Qc7 27. Nd5 Bxd5 28. Bxd5 Ne6 29. f5 Nd4 30. Qd3 {Black forfeits on time} 1-0

[Event "FICS rated blitz game"]
[Site "FICS freechess.org"]
[FICSGamesDBGameNo "20003278"]
[White "Anupam"]
[Black "mikev"]
[WhiteElo "1477"]
[BlackElo "1347"]
[WhiteRD "na"]
[BlackRD "na"]
[TimeControl "300+0"]
[Date "1999.10.29"]
[Time "23:24:00"]
[WhiteClock "0:05:00.000"]
[BlackClock "0:05:00.000"]
[ECO "C41"]
[PlyCount "89"]
[Result "1-0"]

1. e4 e5 2. Nf3 d6 3. Bc4 Nf6 4. Ng5 d5 5. exd5 Bd6 6. d4 e4 7. Qe2 O-O 8. O-O Bg4 9. Qe3 Bh5 10. Nxe4 Re8 11. Nbc3 Bg6 12. f3 Nbd7 13. Re1 Nxe4 14. Nxe4 Nf8 15. c3 a6 16. Bd3 Kh8 17. Qf2 Bxe4 18. Bxe4 Ng6 19. Bxg6 fxg6 20. c4 b6 21. b3 Rxe1+ 22. Qxe1 Qf6 23. Bb2 Rf8 24. Qf2 c5 25. Rd1 Qf4 26. g3 Qf7 27. f4 h6 28. dxc5 Bxc5 29. Bd4 Qc7 30. Bxc5 bxc5 31. Qb2 Qd6 32. a3 Re8 33. b4 Re3 34. bxc5 Qxc5 35. Qd4 Re1+ 36. Kg2 Re2+ 37. Kf3 Qxd4 38. Rxd4 Rxh2 39. d6 Rc2 40. d7 Rc3+ 41. Ke4 Rxa3 42. d8=Q+ Kh7 43. Qe8 a5 44. Rd8 g5 45. f5 {Black resigns} 1-0

[Event "FICS rated lightning game"]
[Site "FICS freechess.org"]
[FICSGamesDBGameNo "20003277"]
[White "gilachess"]
[Black "Paulsen"]
[WhiteElo "1445"]
[BlackElo "1502"]
[WhiteRD "na"]
[BlackRD "na"]
[TimeControl "60+0"]
[Date "1999.10.29"]
[Time "21:56:00"]
[WhiteClock "0:01:00.000"]
[BlackClock "0:01:00.000"]
[ECO "C25"]
[PlyCount "68"]
[Result "0-1"]

1. e4 e5 2. Nc3 Nc6 3. f4 Nf6 4. Nf3 d6 5. Bb5 Bg4 6. h3 Bxf3 7. Qxf3 a6 8. Bxc6+ bxc6 9. fxe5 dxe5 10. d3 Bd6 11. O-O O-O 12. Bg5 Nd7 13. Bxd8 Raxd8 14. Qg4 Nf6 15. Qg3 g6 16. h4 Kh8 17. Rf2 Rg8 18. Raf1 g5 19. hxg5 Nd7 20. Rxf7 Rdf8 21. Qh4 Rxf7 22. Rxf7 Rg7 23. g6 Rxf7 24. gxf7 Kg7 25. Qf2 Bf8 26. Ne2 Nf6 27. Ng3 Kxf7 28. Qf3 Ke6 29. Qf5+ Ke7 30. Nh5 Bh6 31. Qxf6+ Kd7 32. Qf7+ Kd6 33. Qxh7 Kc5 34. Qxh6 Kb6 {White forfeits on time} 0-1

[Event "FICS rated blitz game"]
[Site "FICS freechess.org"]
[FICSGamesDBGameNo "20003276"]
[White "scoobydum"]
[Black "fbj"]
[WhiteElo "1147"]
[BlackElo "1428"]
[WhiteRD "na"]
[BlackRD "na"]
[TimeControl "420+0"]
[Date "1999.10.29"]
[Time "21:50:00"]
[WhiteClock "0:07:00.000"]
[BlackClock "0:07:00.000"]
[ECO "B30"]
[PlyCount "57"]
[Result "0-1"]

1. e4 c5 2. Nf3 Nc6 3. Bb5 a6 4. Bxc6 bxc6 5. O-O d5 6. d3 Bg4 7. h3 Bh5 8. Be3 e6 9. Nbd2 Nf6 10. c3 Be7 11. Qa4 Qb6 12. Ne5 O-O 13. Nxc6 Rfe8 14. Nxe7+ Rxe7 15. Qa3 Rc7 16. Nb3 Nd7 17. f4 Be2 18. f5 Bxf1 19. Rxf1 Rac8 20. g4 dxe4 21. dxe4 exf5 22. Rxf5 Qd6 23. Kg2 Qe6 24. Nxc5 Nxc5 25. Bxc5 Qxe4+ 26. Kg3 Qd3+ 27. Kh4 g6 28. Rxf7 Rxf7 29. Bb6 {White resigns} 0-1

[Event "FICS rated blitz game"]
[Site "FICS freechess.org"]
[FICSGamesDBGameNo "20003275"]
[White "mgatto"]
[Black "ranger"]
[WhiteElo "1556"]
[BlackElo "1531"]
[WhiteRD "na"]
[BlackRD "na"]
[TimeControl "180+0"]
[Date "1999.10.29"]
[Time "21:26:00"]
[WhiteClock "0:03:00.000"]
[BlackClock "0:03:00.000"]
[ECO "C36"]
[PlyCount "48"]
[Result "0-1"]

1. e4 e5 2. f4 exf4 3. Nf3 d5 4. exd5 Nf6 5. c4 Bd6 6. d4 c6 7. dxc6 O-O 8. Be2 Nxc6 9. O-O Bg4 10. Nc3 Qd7 11. d5 Ne7 12. Kh1 Ng6 13. Nb5 Bc5 14. Bd2 a6 15. Nbd4 Rfe8 16. Bc3 Ne4 17. Rc1 Nd6 18. b3 Nf5 19. Nxf5 Qxf5 20. Nd4 Bxe2 21. Nxe2 Be3 22. Rc2 Ne5 23. g3 Qe4+ 24. Rf3 Qxf3# {White checkmated} 0-1

[Event "FICS rated blitz game"]
[Site "FICS freechess.org"]
[FICSGamesDBGameNo "20003273"]
[White "Bzz"]
[Black "chiefy"]
[WhiteElo "1601"]
[BlackElo "1625"]
[WhiteRD "na"]
[BlackRD "na"]
[TimeControl "300+0"]
[Date "1999.10.29"]
[Time "19:06:00"]
[WhiteClock "0:05:00.000"]
[BlackClock "0:05:00.000"]
[ECO "A90"]
[PlyCount "58"]
[Result "0-1"]

1. d4 e6 2. c4 f5 3. g3 Nf6 4. Bg2 c6 5. Bg5 d5 6. cxd5 exd5 7. Nh3 Be7 8. Nc3 Be6 9. Nf4 Bf7 10. O-O O-O 11. Nd3 Nbd7 12. b4 a6 13. a4 Ne4 14. Bxe7 Qxe7 15. Qc2 b5 16. f3 Nd6 17. Nc5 Nxc5 18. dxc5 Nc4 19. e4 fxe4 20. fxe4 Ne3 21. Qd3 Nxf1 22. Rxf1 Bg6 23. Qd4 Rxf1+ 24. Kxf1 Rf8+ 25. Kg1 Qg5 26. Ne2 dxe4 27. Bxe4 Bxe4 28. Qxe4 Qf6 29. axb5 Qf1# {White checkmated} 0-1

[Event "FICS rated blitz game"]
[Site "FICS freechess.org"]
[FICSGamesDBGameNo "20003272"]
[White "vendemiatrix"]
[Black "brettski"]
[WhiteElo "1622"]
[BlackElo "1468"]
[WhiteRD "na"]
[BlackRD "na"]
[TimeControl "120+5"]
[Date "1999.10.29"]
[Time "19:03:00"]
[WhiteClock "0:02:00.000"]
[BlackClock "0:02:00.000"]
[ECO "E92"]
[PlyCount "84"]
[Result "1-0"]

1. d4 Nf6 2. c4 g6 3. Nc3 Bg7 4. e4 d6 5. Nf3 O-O 6. Be2 e5 7. dxe5 dxe5 8. Qxd8 Rxd8 9. Bg5 Re8 10. Nd5 Nxd5 11. cxd5 c6 12. Bc4 b5 13. Bb3 Bb7 14. O-O-O cxd5 15. Bxd5 Bxd5 16. Rxd5 Rc8+ 17. Kb1 Na6 18. Rxb5 Nc7 19. Rc5 Ne6 20. Rxc8+ Rxc8 21. Be3 f6 22. Bxa7 Bh6 23. Rd1 Nf4 24. a3 Nxg2 25. Rd6 Bg7 26. b4 Ra8 27. Rd7 Nf4 28. Kb2 f5 29. Ng5 Ne2 30. Kb3 Nd4+ 31. Bxd4 exd4 32. exf5 gxf5 33. Ne6 Be5 34. h3 Rc8 35. Nxd4 Bxd4 36. Rxd4 Kf7 37. Rd7+ Kg6 38. a4 f4 39. a5 Re8 40. a6 Re2 41. a7 Rxf2 42. a8=Q Rf1 {Black resigns} 1-0

[Event "FICS rated blitz game"]
[Site "FICS freechess.org"]
[FICSGamesDBGameNo "20003271"]
[White "Gello"]
[Black "hortus"]
[WhiteElo "1452"]
[BlackElo "1575"]
[WhiteRD "na"]
[BlackRD "na"]
[TimeControl "240+1"]
[Date "1999.10.29"]
[Time "18:43:00"]
[WhiteClock "0:04:00.000"]
[BlackClock "0:04:00.000"]
[ECO "D80"]
[PlyCount "64"]
[Result "0-1"]

1. d4 Nf6 2. c4 g6 3. Nc3 d5 4. Bg5 Bg7 5. cxd5 Nxd5 6. Nf3 O-O 7. e4 Nxc3 8. bxc3 h6 9. Bf4 c5 10. Bd3 cxd4 11. cxd4 Nc6 12. O-O Bg4 13. Bb5 Nxd4 14. Qd3 Nxf3+ 15. gxf3 Qxd3 16. Bxd3 Bxa1 17. Rxa1 Bxf3 18. Rb1 b6 19. Bb5 Rfd8 20. e5 Rd1+ 21. Rxd1 Bxd1 22. Kg2 Kg7 23. Bc4 Rc8 24. Bd5 e6 25. Bc4 Rxc4 26. Be3 Rc2 27. a3 Ra2 28. Bc1 b5 29. Kg3 a5 30. f4 b4 31. axb4 axb4 32. h4 b3 {White resigns} 0-1

[Event "FICS rated lightning game"]
[Site "FICS freechess.org"]
[FICSGamesDBGameNo "20003270"]
[White "passpawn"]
[Black "ricardo"]
[WhiteElo "1995"]
[BlackElo "1952"]
[WhiteRD "na"]
[BlackRD "na"]
[TimeControl "60+0"]
[Date "1999.10.29"]
[Time "18:09:00"]
[WhiteClock "0:01:00.000"]
[BlackClock "0:01:00.000"]
[ECO "B01"]
[PlyCount "56"]
[Result "0-1"]

1. e4 d5 2. exd5 c6 3. dxc6 Nf6 4. Nf3 Nxc6 5. Bb5 Bg4 6. h3 Bxf3 7. Qxf3 Qb6 8. Bxc6+ bxc6 9. O-O e6 10. d3 Bc5 11. Nc3 O-O 12. Na4 Qb5 13. Nxc5 Qxc5 14. Be3 Qd5 15. Qe2 a6 16. c4 Qd7 17. Rfd1 Rab8 18. b3 e5 19. b4 Rfd8 20. a3 Qe6 21. Bg5 h6 22. Be3 a5 23. Rab1 axb4 24. axb4 Qe7 25. Bc5 Qe6 26. d4 exd4 27. Bxd4 Qxe2 28. Bxf6 Rxd1+ {White resigns} 0-1